Map: Moonlight Madness LE (Void)

Players

TaigaKagami

  • Race: Zerg Zerg
  • League: Grandmaster

Javert - Winner!

  • Race: Zerg Zerg
  • League: Platinum

VOD

Have the link to the VOD?

Description

Time

  • Played on: Aug. 22, 2015, 1:14 a.m.
  • Length: 9:53
Show
View Real Time Build Order
Export as new Build Order

TaigaKagami Zerg 

Build Orders: Hatch First, Zergling Baneling 

Get SALT Encoding   

  12  0:02  Drone  
  13  0:32  Hatchery  
  12  0:41  Overlord  
  12  0:58  Spawning Pool  
  12  1:00  Drone  
  12  1:06  Drone  
  12  1:10  Drone  
  14  1:14  Drone  
  15  1:19  Extractor  
  15  1:22  Drone  
  15  1:34  Drone  
  16  1:46  Queen  
  18  1:51  Queen  
  20  2:00  Overlord  
  20  2:16  Drone x2  
  20  2:18  Overlord  
  22  2:23  Metabolic Boost  
  22  2:33  Drone x2  
  24  2:45  Baneling Nest  
  23  2:58  Zergling x2  
  23  2:59  Zergling x10  
  29  3:06  Zergling x4  
  31  3:13  Zergling x2  
  31  3:14  Zergling x4  
  34  3:22  Drone x2  
  34  3:25  Drone  
  37  3:27  Drone  
  38  3:41  Baneling x3  
  38  3:42  Spine Crawler, Baneling  
  26  4:21  Drone  
  26  4:22  Drone x4  
  26  4:23  Roach Warren  
  30  4:29  Zergling x4  
  32  4:32  Zergling x4  
  32  4:38  Drone x3  
  36  4:43  Zergling x2  
  38  4:49  Baneling  
  38  4:50  Baneling x3  
  37  4:55  Zergling x8  
  37  4:56  Zergling x2  
  42  5:03  Extractor  
  41  5:13  Zergling x2  
  41  5:14  Zergling x4  
  36  5:28  Drone x5  
  40  5:32  Lair  
  40  5:35  Drone x2  
  42  5:47  Drone  
  43  5:52  Hatchery, Spine Crawler  
  43  5:55  Drone x2  
  43  5:56  Evolution Chamber  
  42  6:05  Overlord x3  
  42  6:22  Overlord  
  42  6:23  Queen  
  44  6:28  Overlord x2  
  44  6:29  Drone  
  44  6:30  Drone x4, Extractor  
  44  6:31  Glial Reconstitution  
  48  6:48  Drone x6  
  54  6:55  Spire  
  53  7:06  Drone x2  
  55  7:09  Extractor  
  55  7:13  Extractor  
  53  7:19  Drone x4  
  53  7:20  Drone x2  
  59  7:31  Drone x4  
  59  7:32  Drone  
  64  7:40  Hatchery, Overseer  
  63  7:44  Drone x2  
  63  7:45  Drone x2  
  66  7:57  Hydralisk Den  
  65  8:05  Drone x3  
  68  8:12  Extractor  
  67  8:13  Evolution Chamber  
  67  8:14  Drone x3  
  67  8:15  Overlord x2  
  67  8:16  Overlord x2  
  67  8:18  Queen  
  71  8:22  Infestation Pit  
  70  8:34  Drone  
  70  8:35  Drone x3  
  74  8:43  Roach  
  74  8:44  Roach x9  
  92  8:58  Mutalisk x3  
  91  9:06  Mutalisk x4  
  90  9:10  Mutalisk x3  
  94  9:20  Mutalisk x3  
Show
View Real Time Build Order
Export as new Build Order

Javert Zerg - Winner!

Build Orders: Pool First 

Get SALT Encoding   

  12  0:01  Drone  
  13  0:13  Overlord  
  13  0:19  Drone  
  14  0:32  Drone x2  
  16  0:36  Drone  
  16  0:39  Extractor  
  16  0:48  Spawning Pool  
  15  0:51  Drone  
  15  0:56  Drone  
  17  1:19  Hatchery  
  17  1:23  Drone  
  17  1:36  Baneling Nest  
  17  1:39  Drone x2  
  18  1:49  Queen  
  20  1:54  Zergling x2  
  20  2:00  Overlord  
  21  2:06  Drone  
  22  2:09  Metabolic Boost  
  22  2:19  Drone  
  23  2:26  Queen  
  25  2:31  Drone  
  25  2:32  Drone  
  27  2:39  Zergling x2  
  28  2:44  Spine Crawler  
  28  2:47  Drone x2  
  29  2:57  Baneling x3  
  29  3:04  Drone x5  
  34  3:23  Drone x2  
  36  3:29  Overlord  
  36  3:30  Overlord  
  36  3:39  Evolution Chamber  
  36  3:40  Zergling x2  
  36  3:44  Evolution Chamber  
  33  4:10  Zergling x8  
  34  4:21  Zergling x12  
  40  4:26  Zerg Ground Armor Level 1  
  40  4:34  Hatchery, Drone x3  
  40  4:35  Drone  
  43  4:46  Drone x3  
  43  4:47  Drone  
  43  4:51  Baneling  
  43  4:52  Baneling x3  
  47  4:56  Extractor  
  46  5:01  Drone x2  
  48  5:08  Hatchery  
  44  5:25  Drone x6  
  44  5:28  Lair  
  44  5:33  Extractor  
  44  5:34  Roach Warren, Extractor  
  41  5:41  Drone x4  
  41  5:42  Drone x2  
  46  5:46  Queen  
  48  5:59  Overlord  
  48  6:00  Overlord  
  48  6:06  Overlord x2  
  47  6:13  Roach x2  
  47  6:14  Roach, Extractor  
  47  6:16  Roach  
  54  6:24  Evolution Chamber  
  53  6:25  Evolution Chamber  
  53  6:30  Roach x2  
  56  6:36  Overlord  
  58  6:51  Roach  
  58  6:52  Roach x8  
  76  6:56  Zerg Missile Weapons Level 1  
  76  7:04  Hydralisk Den  
  76  7:05  Queen  
  77  7:09  Glial Reconstitution  
  77  7:16  Ravager  
  77  7:17  Ravager x3  
  77  7:20  Drone x3  
  77  7:21  Drone  
  85  7:23  Lurker Den  
  85  7:25  Drone x2  
  87  7:35  Overlord  
  87  7:54  Roach x6  
  87  7:55  Roach x2  
  103  7:59  Overlord  
  103  8:15  Overlord x2  
  103  8:29  Roach  
  103  8:30  Roach x7  
  119  8:36  Roach x2  
  119  8:39  Drone x2  
  119  8:40  Drone  
  126  8:44  Overlord  
  126  9:06  Roach x9  
  144  9:24  Roach x2  
Tags
 
Add a new tag
Caveats
  • Supply blocks, unpowered buildings, or Contaminate may cause inaccurate times.
  • Supply counts are checked every 10 seconds.